 Dungeon Crawl Stone Soup version 0.19.0-1-g5985abe (webtiles) character file.

84 lorenzova the Conjurer (level 4, -5/24 HPs)
             Began as a Deep Elf Conjurer on Nov 2, 2016.
             Slain by Sigmund
             ... wielding a +2 scythe of flaming
              (9 damage)
             ... on level 3 of the Dungeon.
             The game lasted 00:03:52 (2410 turns).

lorenzova the Conjurer (Deep Elf Conjurer)          Turns: 2410, Time: 00:03:52

Health: -5/24      AC:  2    Str:  5    XL:     4   Next: 23%
Magic:  2/12       EV: 13    Int: 21    God:
Gold:   158        SH:  0    Dex: 15    Spells: 2 memorised, 7 levels left

rFire  . . .     SeeInvis .     o - +0 short sword
rCold  . . .     Gourm    .     a - +0 robe
rNeg   . . .     Faith    .     (no shield)
rPois  .         Spirit   .     (no helmet)
rElec  .         Reflect  .     (no cloak)
rCorr  .         Harm     .     (no gloves)
MR     .....                    (no boots)
Stlth  ++........               (no amulet)
                                (no ring)
                                (no ring)

@: no status effects
A: no striking features
a: no special abilities


You were on level 3 of the Dungeon.
You were not hungry.

You visited 1 branch of the dungeon, and saw 3 of its levels.

You collected 158 gold pieces.

Inventory:

Hand Weapons
 o - a +0 short sword (weapon)
Armour
 a - a +0 robe (worn)
Scrolls
 e - a scroll of fear {unknown}
 k - a scroll of remove curse {unknown}
 n - a scroll of magic mapping {unknown}
 p - a scroll of noise {unknown}
 q - a scroll of enchant weapon {unknown}
Potions
 d - 3 potions of haste {unknown}
 h - 3 potions of degeneration {unknown}
 i - a potion of might {unknown}
 l - a potion of brilliance {unknown}
 m - a potion of curing {unknown}
Books
 b - a book of Conjurations

   Spells                             Type                      Level
   a - Magic Dart                     Conjuration                  1
   b - Searing Ray                    Conjuration                  2
   c - Dazzling Spray                 Conjuration/Hexes            3
   d - Fulminant Prism                Conjuration/Hexes            4
   e - Iskenderun's Mystic Blast      Conjuration                  4
   f - Iskenderun's Battlesphere      Conjuration/Charms           5
Comestibles
 c - 2 bread rations
 f - a meat ration
 g - a royal jelly
 j - 2 fruits


   Skills:
 - Level 2.4 Dodging
 - Level 2.4 Stealth
 + Level 4.8 Spellcasting
 + Level 5.4 Conjurations


You had 7 spell levels left.
You knew the following spells:

 Your Spells              Type           Power        Failure   Level  Hunger
a - Magic Dart            Conj           ####         1%          1    None
b - Iskenderun's Mystic   Conj           ####....     14%         4    ####...


Dungeon Overview and Level Annotations

Branches:
Dungeon (3/15)

Altars:
Uskayaw
Xom

Annotations:
D:3 Sigmund


Message History

Press: ? - help, Shift-Dir - straight line, f/p - Sigmund
Aim: Sigmund, wielding a scythe of flaming and wearing a robe (almost dead)
The magic dart hits Sigmund.
Sigmund is almost dead.
Casting: Magic Dart
Confirm with . or Enter, or press ? or * to list all spells.
Aiming: Magic Dart
Press: ? - help, Shift-Dir - straight line, f/p - Sigmund
Aim: Sigmund, wielding a scythe of flaming and wearing a robe (almost dead)
The magic dart hits Sigmund.
Sigmund is almost dead.
Sigmund gestures wildly while chanting.
Sigmund flickers and vanishes!
Deactivating autopickup; reactivate with Ctrl-A.
Casting: Magic Dart
Confirm with . or Enter, or press ? or * to list all spells.
Aiming: Magic Dart
Press: ? - help, Shift-Dir - straight line The magic dart hits something.
Something hits you!
You die...

#......# #.####.#
#.# #.####### #.#
#.......# ####'#
#######.# #.....#
##.###### #..(..#
#.......###
#....{######
#..####.##.
#.....'@...#
#..####.##.
#.....####.#
#..##......
#.....####.#
#..##......
#.....#....#
#.......... #..
#....# ##....).##.
#.
#....#######.#####
#
#....'....##.#....
#....####.##.#.###
#....# #.#....# #


There were no monsters in sight!

Vanquished Creatures
  An orc wizard (D:3)
  An adder (D:2)
  A worm (D:2)
  A dart slug (D:1)
  5 leopard geckos
  3 orcs (D:3)
  A bat (D:2)
  2 giant cockroaches
  5 hobgoblins
  2 jackals (D:1)
  3 frilled lizards (D:1)
  3 kobolds (D:2)
  6 rats
34 creatures vanquished.

Notes
Turn   | Place    | Note
-------+----------+-------------------------------------------
     0 | D:1      | lorenzova the Deep Elf Conjurer began the quest for the Orb.
     0 | D:1      | Reached XP level 1. HP: 10/10 MP: 6/6
   295 | D:1      | Reached XP level 2. HP: 15/15 MP: 5/8
  1038 | D:2      | Found a hide-covered altar of Uskayaw.
  1244 | D:2      | Reached skill level 5 in Conjurations
  1244 | D:2      | Reached XP level 3. HP: 19/19 MP: 7/10
  1487 | D:2      | Found a shimmering altar of Xom.
  2096 | D:3      | Noticed Sigmund
  2127 | D:3      | Reached XP level 4. HP: 12/24 MP: 6/12
  2133 | D:3      | Learned a level 4 spell: Iskenderun's Mystic Blast
  2410 | D:3      | Slain by Sigmund

Skill      XL: |  1  2 |
---------------+-------+-----
Spellcasting   | 4 |  4.8
Conjurations   | 5 |  5.4
Dodging        | |  2.4
Stealth        | |  2.4

Action                   |  1- 3 |  4- 6 || total
-------------------------+-------+-------++-------
 Cast: Magic Dart        |    74 |     7 ||    81
       Iskenderun's Myst |       |     1 ||     1
  Eat: Chunk             |     2 |     2 ||     4
Dodge: Dodged            |     1 |       ||     1
